 Dungeon Crawl Stone Soup version 0.26-a0-542-gbaa144ba5c (webtiles) character file.

Game seed: 2137120833825487900

84 Notrik the Skirmisher (level 4, -3/31 HPs)
             Began as a Gargoyle Fighter on Aug 18, 2020.
             Slain by Sigmund
             ... wielding a +0 scythe
              (5 damage)
             ... on level 2 of the Dungeon.
             The game lasted 00:01:59 (1804 turns).

Notrik the Skirmisher (Gargoyle Fighter)            Turns: 1804, Time: 00:02:00

Health: -3/31      AC: 10    Str: 20    XL:     4   Next: 46%
Magic:  4/4        EV:  7    Int:  9    God:
Gold:   101        SH:  9    Dex:  9    Spells: 3/3 levels left

rFire    . . .     SeeInvis .   a - +0 flail
rCold    . . .     Faith    .   c - +0 kite shield
rNeg     + . .     Spirit   .   b - +0 scale mail
rPois    ∞         Reflect  .   (no helmet)
rElec    +         Harm     .   (no cloak)
rCorr    .                      (no gloves)
MR       .....                  (no boots)
Stlth    ..........             (no amulet)
HPRegen  0.10/turn              (no ring)
MPRegen  0.09/turn              (no ring)

@: no status effects
A: negative energy resistance 1, electricity resistance, unbreathing,
petrification resistance, rot immunity, AC +3
a: no special abilities


You were on level 2 of the Dungeon.
You visited 1 branch of the dungeon, and saw 2 of its levels.

You collected 101 gold pieces.

Inventory:

Hand Weapons
 a - a +0 flail (weapon)
Armour
 b - a +0 scale mail (worn)
 c - a +0 kite shield (worn)
Jewellery
 e - a cursed amulet of inaccuracy {unknown}
   (You found it on level 1 of the Dungeon)
Scrolls
 f - a scroll of teleportation {unknown}
 g - a scroll of immolation {unknown}
 h - 3 scrolls of identify {unknown}
 i - a scroll of random uselessness {unknown}
 k - a scroll of enchant armour {unknown}
 n - a scroll of blinking {unknown}
 o - a scroll of fear {unknown}
Potions
 d - a potion of might
 j - a potion of invisibility {unknown}
 l - a potion of brilliance {unknown}
 m - a potion of heal wounds {unknown}


   Skills:
 * Level 5.0 Fighting
 + Level 3.0 Maces & Flails
 - Level 3.2 Armour
 - Level 3.2 Shields


You had 3 spell levels left.
You didn't know any spells.
Your spell library was empty.

Dungeon Overview and Level Annotations

Branches:
Dungeon (2/15)

Altars:
Kikubaaqudgha

Annotations:
D:2 Sigmund


Innate Abilities, Weirdness & Mutations

You are resistant to torment.
Your stone body is resilient. (AC +3)
You are immune to poison.
You resist negative energy. (rN+)
You are resistant to electric shocks. (rElec)
You can survive without breathing.
You are immune to petrification.
You are immune to rotting.


Message History

No target in view!
No target in view!
No target in view!
No target in view!
No target in view!
No target in view!
No target in view!
No target in view!
No target in view!
No target in view!
No target in view!
No target in view!
No target in view!
No target in view!
No target in view!
No target in view!
You hit something. Something hits you but does no damage.
You closely miss something. You hit something. Something hits you.
You thump something! Something hits you.
You miss something.
You hear some strange, mumbled words.
Something tries to affect you, but you resist.
You barely miss something.
You hear some strange, mumbled words.
You are confused.
You hear some strange, mumbled words.
Something tries to affect you, but you resist.
You bump into the rock wall.
Something hits you but does no damage.
You're too confused to move!
Something hits you.
* * * LOW HITPOINT WARNING * * *
You bump into the rock wall.
Something completely misses you.
A magic dart appears from out of thin air!
The magic dart hits you.
* * * LOW HITPOINT WARNING * * *
You feel less confused. Something hits you.
* * * LOW HITPOINT WARNING * * *
You hear some strange, mumbled words.
A puff of flame appears from out of thin air!
The puff of flame hits you.
* * * LOW HITPOINT WARNING * * *
There is an open door here.
Something hits you.
You die...

..#.#.#...#...#...#.#....######.#
......##..#...#'.##..............
..#.#).###.....####.#..#.######.#
..#.##)(...............#.# #.#
..#.........8......##.##.######.#
.................................
.......###....{######.#########..
########.'#...#'.##.....# #.#
#######...#..l#.@.#..)..# #.#
#.....#<.##...##.<#.....# #
.#.#######.....####.....# #
........................# #
.#.#....................# #
.#.#....................# #
.#.#..................### #
.#.#.............###### #
.#.#.............# #


There were no monsters in sight!

Vanquished Creatures
  A howler monkey zombie (D:2)
  3 adders (D:2)
  An ooze (D:2)
  2 dart slugs (D:1)
  5 bats
  2 giant cockroaches (D:2)
  3 goblins (D:2)
  4 hobgoblins
  4 jackals (D:1)
  6 kobolds
  4 frilled lizards
  6 rats
41 creatures vanquished.

Notes
Turn   | Place    | Note
-------+----------+-------------------------------------------
     0 | D:1      | Notrik the Gargoyle Fighter began the quest for the Orb.
     0 | D:1      | Reached XP level 1. HP: 14/14 MP: 1/1
   189 | D:1      | Reached XP level 2. HP: 16/20 MP: 2/2
   436 | D:1      | Reached skill level 4 in Fighting
   896 | D:2      | Reached XP level 3. HP: 22/24 MP: 3/3
  1027 | D:2      | Found an ancient bone altar of Kikubaaqudgha.
  1318 | D:2      | Reached XP level 4. HP: 30/30 MP: 4/4
  1474 | D:2      | Reached skill level 5 in Fighting
  1511 | D:2      | Noticed Sigmund
  1804 | D:2      | Slain by Sigmund

Illustrated notes

Levels and vault maps discovered:
D:1:      dpeg_arrival_brainrot, layout_basic, minmay_unequal
D:2:      layout_basic, nicolae_overflow_crystal_walls, grunt_ministairs_6,
          uniq_sigmund

Skill      XL: |  1  2  3  4 |
---------------+-------------+-----
Fighting       | 4 5 |  5.0
Maces & Flails | 3 |  3.0
Armour         | |  3.2
Shields        | |  3.2

Action                   |  1- 3 |  4- 6 || total
-------------------------+-------+-------++-------
Melee: Flail             |   124 |    42 ||   166
Armor: Scale mail        |    73 |    39 ||   112
Dodge: Dodged            |    52 |    10 ||    62
Block: Kite shield       |    74 |    26 ||   100

Table legend: (Time is in decaauts)
 A = Elapsed time spent in this place.
 B = Non-inter-level travel time spent in this place.
 C = Inter-level travel time spent in this place.
 D = Time resting spent in this place.
 E = Time spent auto-exploring this place.
 F = Levels seen in this place.
 G = Mean time per level.
                   A        B        C        D        E       F      G
               +--------+--------+--------+--------+--------+-----+--------+
         Total |   1863 |   1842 |     21 |    227 |   1243 |   2 |  931.5 |
       Dungeon |   1863 |   1842 |     21 |    227 |   1243 |   2 |  931.5 |
               +--------+--------+--------+--------+--------+-----+--------+

Top non-repeatable levels by time:
     D:1: 1149 daAuts
     D:2: 714 daAuts
